 Dungeon Crawl Stone Soup version 0.25-a0-661-g55ea3d2 (webtiles) character file.

Game seed: 11853743835688381571, levelgen mode: deterministic

177 Fernandocris the Chopper (level 5, -8/48 HPs)
             Began as a Hill Orc Fighter on Mar 24, 2020.
             Engulfed by a cloud of flame (14 damage)
             ... on level 4 of the Dungeon.
             The game lasted 00:06:40 (2839 turns).

Fernandocris the Chopper (Hill Orc Fighter)         Turns: 2839, Time: 00:06:41

Health: -8/48      AC:  6    Str: 20    XL:     5   Next: 57%
Magic:  5/5        EV:  7    Int:  8    God:
Gold:   197        SH:  9    Dex: 10    Spells: 4/4 levels left

rFire    . . .     SeeInvis .   a - +1 war axe
rCold    . . .     Gourm    .   c - +0 kite shield
rNeg     . . .     Faith    .   b - +0 scale mail
rPois    .         Spirit   .   (no helmet)
rElec    .         Reflect  .   (no cloak)
rCorr    .         Harm     .   (no gloves)
MR       .....                  (no boots)
Stlth    ..........             (no amulet)
HPRegen  0.16/turn              (no ring)
MPRegen  0.09/turn              (no ring)

@: no status effects
A: no striking features
a: no special abilities


You were on level 4 of the Dungeon.
You were not hungry.

You visited 1 branch of the dungeon, and saw 4 of its levels.

You collected 197 gold pieces.

Inventory:

Hand Weapons
 a - a +1 war axe (weapon)
 m - a +2 dagger of speed
Armour
 b - a +0 scale mail (worn)
 c - a +0 kite shield (worn)
 n - a cursed +0 animal skin
Scrolls
 e - a scroll of teleportation {unknown}
 i - 6 scrolls of identify
 k - a scroll of enchant armour {unknown}
Potions
 d - a potion of might
 h - 3 potions of haste {unknown}
Comestibles
 f - 5 rations


   Skills:
 + Level 5.1 Fighting
 * Level 6.2 Axes
 - Level 3.2 Armour
 - Level 3.2 Shields


You had 4 spell levels left.
You didn't know any spells.
Your spell library was empty.

Dungeon Overview and Level Annotations

Branches:
Dungeon (4/15)
 Temple: D:4-7

Altars:
Trog
The Shining One

Annotations:
D:3 3 runed translucent doors, robertstho's ghost, amateur TrFi


Message History

As you read the scroll labeled ERUATR VAFOAKH, it crumbles to dust.
The creatures around you are filled with an inner flame!
It was a scroll of immolation.
As you read the scroll labeled EZYEDOY XUHU, it crumbles to dust.
It is a scroll of enchant weapon.
Your +0 war axe glows red for a moment.
Unknown command.
You hit the iguana but do no damage. You block the iguana's attack.
The iguana closely misses you.
You slash the iguana!
Flame seeps out of the iguana.
The iguana is heavily wounded.
The iguana is engulfed in blazing flames.
Flame seeps out of the iguana.
You block the iguana's attack.
You slash the iguana!
The iguana explodes!
The fiery explosion engulfs you!!!
Ouch! That really hurt!
* * * LOW HITPOINT WARNING * * *
You are engulfed in blazing flames.
You die...

#####.#.#
#...#.#
#.#.#.###
##+#.....#
#...##.#.# #
#...+..#.#
+###.##...####.#
.....§.§.......#
......°@...#####
.....§§§......#
..............#
..............#
..............#
..............#
..............#
..............#


There were no monsters in sight!

Vanquished Creatures
  An iguana (D:4)
  An orc wizard (D:3)
  4 adders
  3 worms (D:2)
  A dart slug (D:1)
  3 leopard geckos
  3 orcs (D:3)
  A giant cockroach (D:2)
  6 goblins
  6 hobgoblins
  5 jackals
  13 kobolds
  2 quokkas (D:2)
  5 ball pythons (D:1)
  7 bats
  8 frilled lizards
  4 rats
73 creatures vanquished.

Notes
Turn   | Place    | Note
-------+----------+-------------------------------------------
     0 | D:1      | Fernandocris the Hill Orc Fighter began the quest for the
                  | Orb.
     0 | D:1      | Reached XP level 1. HP: 19/19 MP: 1/1
    96 | D:1      | Reached skill level 3 in Axes
   217 | D:1      | Reached XP level 2. HP: 27/27 MP: 2/2
   423 | D:1      | Reached skill level 4 in Axes
   473 | D:1      | Reached XP level 3. HP: 26/33 MP: 3/3
  1225 | D:2      | Reached XP level 4. HP: 41/41 MP: 4/4
  1248 | D:2      | Found a glowing golden altar of the Shining One.
  1400 | D:2      | Reached skill level 5 in Axes
  2017 | D:3      | Found a runed translucent gate.
  2017 | D:3      | Found a runed translucent gate.
  2017 | D:3      | Found a runed translucent gate.
  2252 | D:3      | Noticed robertstho's ghost (amateur TrFi)
  2289 | D:3      | Found a bloodstained altar of Trog.
  2322 | D:3      | Reached XP level 5. HP: 42/47 MP: 5/5
  2329 | D:3      | Reached skill level 5 in Fighting
  2412 | D:3      | Reached skill level 6 in Axes
  2839 | D:4      | Engulfed by a cloud of flame

Levels and vault maps discovered:
D:1:      lemuel_arrival_behind_the_door_large, layout_loops_ring,
          amethyst_killhole, minmay_misc_feat_columns, kennysheep_doodads,
          minmay_misc_feat_x, minivault_26, minmay_misc_feat_room,
          kennysheep_crisscross, minmay_shallow_snake_nest
D:2:      layout_basic, lemuel_doored_altar
D:3:      layout_basic, gammafunk_ghost_icy, bloody_trog
D:4:      layout_basic, minmay_temple_entry_wispy, portal_sewer_entry_c,
          first_ration

Skill      XL: |  1  2  3  4  5 |
---------------+----------------+-----
Axes           | 3 4 5 6 |  6.2
Fighting       | 4 5 |  5.1
Armour         | |  3.2
Shields        | |  3.2

Action                   |  1- 3 |  4- 6 || total
-------------------------+-------+-------++-------
Melee: War axe           |   100 |   110 ||   210
  Use: Scroll            |       |     4 ||     4
  Eat: Chunk             |     1 |     5 ||     6
Armor: Scale mail        |    39 |    51 ||    90
Dodge: Dodged            |    30 |    25 ||    55
Block: Kite shield       |    47 |    57 ||   104

Table legend:
 A = Non-vault XP
 B = Vault XP
 C = Vault XP percentage of total XP
 D = Non-vault monster count
 E = Vault monster count
 F = Vault count percentage of total count
                 A         B        C        D         E       F
            +---------+---------+-------+---------+---------+-------
      Total |     247 |       6 |   2.4 |      69 |       4 |   5.5
            +---------+---------+-------+---------+---------+-------
        D:1 |      36 |       6 |  14.3 |      21 |       4 |  16.0
        D:2 |      93 |       0 |   0.0 |      28 |       0 |   0.0
        D:3 |      78 |       0 |   0.0 |      19 |       0 |   0.0
        D:4 |      40 |       0 |   0.0 |       1 |       0 |   0.0
            +---------+---------+-------+---------+---------+-------
